 Dungeon Crawl Stone Soup version 0.24-a0-140-gcaa6c10 (webtiles) character file.

Game seed: 2783676844336553413

62 lemonriz the Poker (level 3, 0/29 HPs)
             Began as a Demonspawn Gladiator on Mar 4, 2019.
             Slain by a phantom (2 damage)
             ... on level 2 of the Dungeon.
             The game lasted 00:02:32 (1516 turns).

lemonriz the Poker (Demonspawn Gladiator)           Turns: 1516, Time: 00:02:32

Health: 0/29       AC:  8    Str: 14    XL:     3   Next: 85%
Magic:  3/3        EV: 12    Int:  9    God:
Gold:   43         SH:  0    Dex: 15    Spells: 2/2 levels left

rFire    . . .     SeeInvis .   a - +0 trident
rCold    . . .     Gourm    .   (no shield)
rNeg     . . .     Faith    .   b - +0 leather armour
rPois    .         Spirit   .   c - +0 helmet
rElec    .         Reflect  .   e - scarf {cloud immunity}
rCorr    .         Harm     .   j - +0 pair of gloves
MR       .....                  (no boots)
Stlth    +.........             (no amulet)
HPRegen  0.09/turn              (no ring)
MPRegen  0.08/turn              (no ring)

@: no status effects
A: icy blue scales 2
a: no special abilities


You were on level 2 of the Dungeon.
You were very hungry.

You visited 1 branch of the dungeon, and saw 2 of its levels.

You collected 43 gold pieces.

Inventory:

Hand Weapons
 a - a +0 trident (weapon)
Missiles
 d - 3 throwing nets (quivered)
Armour
 b - a +0 leather armour (worn)
 c - a +0 helmet (worn)
 e - a scarf of cloud immunity (worn)
 j - a +0 pair of gloves (worn)
Scrolls
 g - a scroll of noise {unknown}
 h - a scroll of enchant weapon {unknown}
 k - a scroll of remove curse {unknown}
 o - a scroll of identify {unknown}
Potions
 i - a potion of might {unknown}
 l - a potion of lignification {unknown}
 m - 3 potions of heal wounds
 n - a potion of flight {unknown}
 p - 2 potions of haste {unknown}
 q - a potion of curing {unknown}
Comestibles
 f - 3 rations


   Skills:
 + Level 3.2 Fighting
 + Level 3.6 Polearms
 - Level 1.7 Throwing
 - Level 2.6 Dodging


You had 2 spell levels left.
You didn't know any spells.
Your spell library was empty.

Dungeon Overview and Level Annotations

Branches:
Dungeon (2/15)

Altars:
Cheibriados
Dithmenos


Innate Abilities, Weirdness & Mutations

You are mostly covered in icy blue scales. (AC +3)


Message History

The phantom hits you but does no damage.
The phantom hits you.
You closely miss the phantom.
The phantom is moderately damaged.
The phantom hits you.
* * * LOW HITPOINT WARNING * * *
You hit the phantom.
The phantom is heavily damaged.
The phantom closely misses you.
You closely miss the phantom.
The phantom is heavily damaged.
The phantom closely misses you.
You hit the phantom.
The phantom is heavily damaged.
The phantom hits you.
* * * LOW HITPOINT WARNING * * *
You hit the phantom.
The phantom is heavily damaged.
The phantom hits you.
You die...

#.#
#############.#####
#............(.....
#.######.##########
#.# #.# #######†###
#.## ..........#
#..#
#.#.####.#?#####.#
#........@.(.....#
#...##..##W.##.[.#
# ##....####.##
##..## #.# #..# ..#
#..# ..# .... .#.#
...... #.#


You could see a phantom.

Vanquished Creatures
  Robin (D:2)
  2 adders (D:2)
  A leopard gecko (D:1)
  3 bats (D:1)
  A giant cockroach (D:1)
  5 hobgoblins
  2 kobolds (D:1)
  2 frilled lizards
  11 goblins
  2 rats (D:1)
30 creatures vanquished.

Notes
Turn   | Place    | Note
-------+----------+-------------------------------------------
     0 | D:1      | lemonriz the Demonspawn Gladiator began the quest for the
                  | Orb.
     0 | D:1      | Reached XP level 1. HP: 16/16 MP: 1/1
   661 | D:1      | Gained mutation: You are partially covered in icy blue
                  | scales. (AC +2) [demonic ancestry]
   661 | D:1      | Reached XP level 2. HP: 23/23 MP: 2/2
  1022 | D:2      | Found a shadowy altar of Dithmenos.
  1052 | D:2      | Found a snail-covered altar of Cheibriados.
  1088 | D:2      | Gained mutation: You are mostly covered in icy blue scales.
                  | (AC +3) [demonic ancestry]
  1088 | D:2      | Reached XP level 3. HP: 16/28 MP: 3/3
  1384 | D:2      | Noticed Robin
  1430 | D:2      | Killed Robin
  1475 | D:2      | Noticed a phantom
  1516 | D:2      | Slain by a phantom

Levels and vault maps discovered:
D:1:      wheals_arrival_linesprint, layout_basic, nrook_mini_vaults,
          minmay_tetromino_t2
D:2:      cheibrodos_helix_gallery, layout_loops_ring, cheibriados_altar_1,
          palyth_stone_intersect, grunt_dithmenos_smoke,
          uniq_crazy_yiuf_cottage, uniq_robin

Skill      XL: |  1  2  3 |
---------------+----------+-----
Polearms       | 3 |  3.6
Fighting       | 3 |  3.2
Throwing       | |  1.7
Dodging        | |  2.6

Action                   || total
-------------------------++-------
Melee: Trident           ||   124
  Eat: Chunk             ||     1
Armor: Leather armour    ||    44
Dodge: Dodged            ||    64

Table legend:
 A = Non-vault XP
 B = Vault XP
 C = Vault XP percentage of total XP
 D = Non-vault monster count
 E = Vault monster count
 F = Vault count percentage of total count
                 A         B        C        D         E       F
            +---------+---------+-------+---------+---------+-------
      Total |      50 |      39 |  43.8 |      17 |      13 |  43.3
            +---------+---------+-------+---------+---------+-------
        D:1 |      21 |       4 |  16.0 |      13 |       2 |  13.3
        D:2 |      29 |      35 |  54.7 |       4 |      11 |  73.3
            +---------+---------+-------+---------+---------+-------
